 Dungeon Crawl Stone Soup version 0.29.1-15-g9cfb28693d (webtiles) character file.

Game seed: 1487066728076221883

121223 Cheops the Pandemonic (level 16, -7/130 HPs)
             Began as a Demonspawn Gladiator on Apr 6, 2023.
             Was a High Priest of Makhleb.
             Mangled by a merfolk
             ... wielding a +2 trident of pain
             ... led by Ilsuiw
              (8 damage)
             ... on level 2 of the Shoals on Apr 7, 2023.
             The game lasted 02:39:54 (36161 turns).

Cheops the Pandemonic (Demonspawn Gladiator)       Turns: 36161, Time: 02:39:55

Health: -7/130     AC: 23    Str: 16    XL:     16   Next: 31%
Magic:  0/30       EV: 15    Int: 17    God:    Makhleb [*****.]
Gold:   1253       SH:  0    Dex: 21    Spells: 15/15 levels left

rFire   . . .      SeeInvis .   a - +11 long sword of Xuen {spect, Will- MP+9 Int+4}
rCold   . . .      Faith    .   (no shield)
rNeg    . . .      Spirit   +   y - +4 scale mail
rPois   +          Reflect  .   t - +2 hat
rElec   .          Harm     .   f - +1 cloak
rCorr   .          Rampage  .   s - +0 pair of gloves
Will    +....                   h - +0 pair of boots
Stlth   ..........              j - amulet "Uriqonlu" {Acrobat Fly MP-9 Int+3}
HPRegen 0.31/turn               i - ring of poison resistance
MPRegen 0.44/turn               w - ring of willpower

@: mighty, engulfed (cannot breathe), flying, mesmerised, hasted, very quick
A: antennae 2, powered by pain 1, magic shield, magic regeneration, magic link,
sharp scales 3
a: Renounce Religion, Minor Destruction, Lesser Servant of Makhleb, Major
Destruction, Greater Servant of Makhleb


You were on level 2 of the Shoals.
You worshipped Makhleb.
Makhleb was extremely pleased with you.
You visited 5 branches of the dungeon, and saw 25 of its levels.
You visited the Abyss 1 time.
You also visited: Ossuary.

You collected 1967 gold pieces.
You spent 714 gold pieces at shops.

Inventory:

Hand Weapons
 a - the +11 long sword of Xuen (weapon) {spect, Will- MP+9 Int+4}
   (You bought it in a shop on level 11 of the Dungeon)

   When its wielder attacks, the weapon's spirit leaps out and strikes again.
   The spirit shares a part of any damage it takes with its wielder.
   Int:       It affects your intelligence (+4).
   MP:        It affects your magic capacity (+9).
   Will:      It decreases your willpower.
 b - the +12 long sword of Eternal War {protect, Int+2}
   (You found it on level 2 of the Spider Nest)

   It grants its wielder temporary protection when it strikes (+7 to AC).
   Int:       It affects your intelligence (+2).
 c - a +5 vorpal long sword
 d - a +3 vorpal great sword
 e - a +2 short sword of freezing
Missiles
 l - 11 throwing nets
 q - 19 boomerangs
 u - 3 silver javelins
Armour
 f - a +1 cloak (worn)
 h - a +0 pair of boots (worn)
 p - the +0 chain mail of True Grit {Will- Str+8 Stlth-}
   (You took it off an orc on level 8 of the Dungeon)

   Str:       It affects your strength (+8).
   Will:      It decreases your willpower.
   Stlth:     It makes you less stealthy.
 s - a +0 pair of gloves (worn)
 t - a +2 hat (worn)
 y - a +4 scale mail (worn)
Jewellery
 i - a ring of poison resistance (left hand)
 j - the amulet "Uriqonlu" (around neck) {Acrobat Fly MP-9 Int+3}
   (You found it on level 5 of the Lair of Beasts)

   [amulet of the acrobat]

   It increases your evasion while moving and waiting.
   Int:       It affects your intelligence (+3).
   MP:        It affects your magic capacity (-9).
   Fly:       It grants you flight.
 o - a ring of see invisible
 v - a ring of protection from cold
 w - a ring of willpower (right hand)
 z - a ring of ice
Wands
 g - a wand of light (9)
 k - a wand of digging (23)
 m - a wand of roots (19)
 r - a wand of polymorph (9)
 x - a wand of flame (86)
 W - a wand of mindburst (4)
Scrolls
 P - 7 scrolls of teleportation
 Q - 2 scrolls of blinking
 R - 2 scrolls of fear
 S - a scroll of fog
 T - 6 scrolls of magic mapping
 U - 3 scrolls of enchant armour
 V - 2 scrolls of silence
 X - 2 scrolls of torment
 Y - 4 scrolls of immolation
 Z - 2 scrolls of summoning
Potions
 A - 7 potions of curing
 C - 5 potions of resistance
 D - 3 potions of haste
 E - 9 potions of magic
 F - 3 potions of flight
 G - 3 potions of berserk rage
 H - a potion of invisibility
 I - 3 potions of cancellation
 J - 2 potions of brilliance
 K - 2 potions of might
 L - 2 potions of ambrosia
 M - 3 potions of attraction
 N - 5 potions of mutation
 O - 5 potions of lignification
Miscellaneous
 n - a phial of floods


   Skills:
 - Level 13.1 Fighting
 + Level 15.6 Long Blades
 - Level 1.7 Throwing
 - Level 11.1 Armour
 - Level 8.2 Dodging
 - Level 20.0 Invocations
 - Level 2.1 Evocations


You had 15 spell levels left.
You didn't know any spells.
Your spell library contained the following spells:

 Spells                   Type           Power      Damage    Failure   Level
 Sandblast                Erth           0%         2d4       54%         1
 Shock                    Conj/Air       0%         1d3       54%         1
 Ensorcelled Hibernation  Hex/Ice        0%         N/A       69%         2
 Passwall                 Tmut/Erth      0%         N/A       69%         2
 Poisonous Vapours        Pois/Air       0%         N/A       69%         2
 Static Discharge         Conj/Air       0%         3-3/arc   69%         2
 Sublimation of Blood     Necr           0%         N/A       69%         2
 Call Canine Familiar     Summ           0%         N/A       89%         3
 Ignite Poison            Fire/Tmut/Pois 0%         N/A       89%         3
 Mephitic Cloud           Conj/Pois/Air  0%         N/A       89%         3
 Portal Projectile        Hex/Tloc       0%         N/A       89%         3
 Stone Arrow              Conj/Erth      0%         3d7       89%         3
 Swiftness                Air            0%         N/A       89%         3
 Airstrike                Air            0%         2d(0-16)  100%        4
 Animate Dead             Necr           0%         N/A       100%        4
 Corpse Rot               Necr/Pois/Air  0%         N/A       100%        4
 Fulminant Prism          Conj/Hex       0%         3d6       100%        4
 Iskenderun's Mystic Bla  Conj/Tloc      0%         2d3       100%        4
 Leda's Liquefaction      Hex/Erth       0%         N/A       100%        4
 Petrify                  Tmut/Erth      0%         N/A       100%        4
 Summon Lightning Spire   Summ/Air       0%         N/A       100%        4
 Alistair's Intoxication  Tmut/Pois      0%         N/A       100%        5
 Borgnjor's Vile Clutch   Necr/Erth      0%         N/A       100%        5
 Freezing Cloud           Conj/Ice/Air   0%         6-21      100%        5
 Irradiate                Conj/Tmut      0%         3d11      100%        5
 Lee's Rapid Deconstruct  Erth           0%         3d5*      100%        5
 Lightning Bolt           Conj/Air       0%         1d11      100%        5
 Death Channel            Necr           0%         N/A       100%        6
 Eringya's Noxious Bog    Tmut/Pois      0%         N/A       100%        6
 Summon Cactus Giant      Summ           0%         N/A       100%        6
 Lehudib's Crystal Spear  Conj/Erth      0%         10d2      100%        8
 Maxwell's Capacitive Co  Air            0%         ∞         100%        8


Dungeon Overview and Level Annotations

Branches:
Dungeon (14/15)            Temple (1/1) D:6            Lair (5/5) D:10
 Shoals (2/4) Lair:2       Spider (3/4) Lair:2        Slime (0/5) Lair:4
    Orc (0/2) D:11         Vaults (0/5) D:13        Ossuary (visited)

Altars:
Ashenzari
Cheibriados
Dithmenos
Fedhas
Gozag
Hepliaklqana
Kikubaaqudgha
Makhleb
Nemelex Xobeh
Okawaru
Qazlal
Ru
Sif Muna
Trog
Uskayaw
Vehumet
Wu Jian
Xom
Yredelemnul
Jiyva
Lugonu

Shops:
D:4 (=!?=   D:11 *   Shoals:2 *=

Portals:
Abyss: Lair:3

Annotations:
D:10 1 runed translucent door, croobank's ghost, novice DsFE
Lair:4 3 runed translucent doors, Murgh's ghost, journeyman MiBe
Shoals:2 Ilsuiw
Spider:1 1 runed translucent door, nroviw's ghost, adept DsGl


Innate Abilities, Weirdness & Mutations

You have a pair of antennae on your head.
You sometimes gain a little power by taking damage.
When hurt, damage is shared between your health and your magic reserves.
You regenerate magic rapidly.
When low on magic, you restore magic in place of health.
You are completely covered in razor-sharp scales. (AC +3, Slay +3)


Message History

* * * LOW HITPOINT WARNING * * *
You focus on the pain.
You feel mightier all of a sudden. The water elemental hits you!
* * * LOW HITPOINT WARNING * * *
Something hits you.
* * * LOW HITPOINT WARNING * * *
Something freezes you.
* * * LOW HITPOINT WARNING * * *
The merfolk siren chants its luring song.
You feel much better.
* * * LOW HITPOINT WARNING * * *
Your lungs strain for air!
The merfolk barely misses you. The water elemental misses you.
The snapping turtle bites you but does no damage.
The water elemental hits you. Something hits you.
* * * LOW HITPOINT WARNING * * *
Something freezes you.
* * * LOW HITPOINT WARNING * * *
The merfolk siren chants its luring song.
Okay, then.
Okay, then.
Unknown command.
You cannot read scrolls while unable to breathe!
Unknown command.
You closely miss the merfolk siren.
The merfolk siren is severely wounded.
* * * LOW HITPOINT WARNING * * *
Your lungs strain for air!
The water elemental closely misses you.
The merfolk hits you but does no damage.
The snapping turtle bites you but does no damage.
The water elemental misses you.
You feel yourself speed up.
* * * LOW HITPOINT WARNING * * *
Your lungs strain for air!
Something hits you but does no damage.
The merfolk siren chants its luring song.
The merfolk hits you with a +2 trident of pain!
You die...

~#~~~... ~#~~..~~
~~~≈≈≈≈≈≈~~.#
#...~~~~~~~~≈≈≈≈~~~~.#
..##...~~~~≈≈≈≈~~~~~.#
..#....~~~~≈≈≈≈~~~~~.#
....~~~~~~~≈≈≈≈~~~~..#
~..~~~~~~~~~≈≈~~~~...#
....~~~~~~~~~~~{mm...#
.....~..~~~~~~)E@#
.(..~...~~~~~~)E.#
.#.~..~~~~~~~~~t## ~.
...~..~~~~~.~~~~.#.~~~
.~≈~~~~..~~~~~~~~~.~~~
~~~~~~.....~~~~~~~~~~~
≈~≈≈~..###..~~..~~~~~~
≈≈≈~..## ##.........~~
~~.~~^.####..###....~~


You could see a snapping turtle, a merfolk, 2 water elementals and a merfolk
siren (mesmerising).

Vanquished Creatures
  A frost giant (Shoals:1)
  2 broodmothers
  A stone giant (Lair:2)
  An entropy weaver (Spider:2)
  A merfolk impaler (Shoals:2)
  Harold (D:9)
  5 hydras
  2 centaur warriors
  A vault guard (D:13)
  5 boulder beetles
  An alligator snapping turtle (Shoals:1)
  3 two-headed ogres
  A satyr (Shoals:1)
  A deep troll shaman (Lair:5)
  6 death yaks
  5 pharaoh ants
  Lodul (D:14)
  A sixfirhy (Abyss:2)
  2 steelbarb worms
  A deep troll (Lair:3)
  An orb spider (Spider:1)
  A lindwurm (Lair:5)
  10 harpies
  2 wizards (D:13)
  3 oklob plants (Lair:1)
  2 deep elf pyromancers
  5 ugly things (D:14)
  8 wolf spiders
  12 cyclopes
  7 fauns (Shoals:1)
  2 moths of wrath (Spider:3)
  7 manticores
  4 merfolk sirens
  2 black mambas
  15 elephants
  2 water nymphs
  2 torpor snails (Spider:1)
  7 cane toads
  Maggie (D:6)
  2 demonic crawlers (Spider:3)
  2 kobold demonologists
  6 rime drakes
  An unseen horror (D:10)
  A yaktaur (D:13)
  6 trolls
  12 komodo dragons
  6 meliai
  4 merfolk
  A wind drake (Shoals:2)
  Grinder (D:3)
  6 polar bears
  17 tarantellas
  2 snapping turtles
  12 slime creatures
  8 dream sheep
  8 blink frogs
  7 culicivoras
  14 jumping spiders
  Sigmund (D:4)
  6 wraiths
  4 wyverns
  68 yaks
  3 water elementals
  2 vampires
  A shadow (D:10)
  21 humans (D:13)
  7 basilisks
  19 redbacks
  3 steam dragons
  A vampire mosquito (D:10)
  2 swamp worms (Lair:5)
  Edmund (D:4)
  2 acid dragons
  10 water moccasins
  An ice beast (Temple)
  3 black bears
  5 orc warriors
  3 sky beasts
  15 wolves
  9 ogres
  7 centaurs
  Blork the orc (D:6)
  11 bullfrogs
  2 necrophages
  4 kobold brigands
  6 scorpions
  4 wights (D:9)
  A killer bee (D:10)
  2 howler monkeys (D:10)
  2 electric eels (D:7)
  A lava snake (D:13)
  5 hounds
  2 jellies (D:5)
  3 gnoll boudas
  6 orc priests
  Terence (D:3)
  3 orc wizards
  2 mummies
  Robin (D:3)
  12 gnolls
  9 adders
  3 shadow imps
  A white imp (D:7)
  An ufetubus (D:4)
  A worm (D:4)
  2 dart slugs (D:5)
  36 orcs
  3 spectral bats (Ossuary)
  5 endoplasms
  2 giant cockroaches
  12 gnoll zombies (Ossuary)
  20 goblins
  12 hobgoblins
  8 jackals
  22 kobolds
  3 quokkas
  7 ball pythons
  4 bats
  3 bat simulacra (Ossuary)
  4 frilled lizards
  3 goblin simulacra (Ossuary)
  3 goblin zombies
  6 hobgoblin zombies
  A kobold simulacrum (Ossuary)
  8 kobold zombies (Ossuary)
  3 orc zombies (Ossuary)
  4 rats
  4 spectral goblins (Ossuary)
  4 spectral kobolds (Ossuary)
  5 spectral rats (Ossuary)
  3 butterflies (Lair:2)
  A lurking horror (Lair:3)
717 creatures vanquished.

Vanquished Creatures (collateral kills)
  2 ghost moths (Spider:3)
  An entropy weaver (Spider:3)
  Snorg (D:12)
  A hydra (Lair:5)
  A merfolk aquamancer (Shoals:1)
  A catoblepas (Lair:5)
  3 death yaks (Lair:5)
  An orb spider (Spider:3)
  A wolf spider (Spider:3)
  2 merfolk sirens
  3 meliai
  2 tarantellas (Spider:3)
  2 dream sheep (Shoals:1)
  3 jumping spiders (Spider:3)
  A culicivora (Spider:3)
  2 water elementals (Shoals:1)
  6 redbacks
  An orc warrior (D:8)
  2 orc wizards
  A shadow imp (D:8)
  2 orcs
39 creatures vanquished.

Vanquished Creatures (others)
  2 harpies (Shoals:1)
  An orc (D:6)
  22 fungi
  104 plants
  7 tentacles (Shoals:2)
136 creatures vanquished.

Grand Total: 892 creatures vanquished

Notes
Turn   | Place    | Note
-------+----------+-------------------------------------------
     0 | D:1      | Cheops the Demonspawn Gladiator began the quest for the
                  | Orb.
     0 | D:1      | Reached XP level 1. HP: 16/16 MP: 1/1
   228 | D:1      | Gained mutation: You sometimes gain a little power by
                  | taking damage. [demonic ancestry]
   228 | D:1      | Reached XP level 2. HP: 22/22 MP: 2/2
  1017 | D:2      | You fall into a shaft and drop 2 floors!
  1022 | D:4      | Noticed an ogre
  1022 | D:4      | Noticed a scorpion
  1042 | D:4      | Gained mutation: You have a pair of small antennae on your
                  | head. [demonic ancestry]
  1042 | D:4      | Reached XP level 3. HP: 7/27 MP: 3/3
  1792 | D:2      | Found a faded altar of an unknown god.
  2235 | D:2      | Gained mutation: You are partially covered in razor-sharp
                  | scales. (AC +1, Slay +1) [demonic ancestry]
  2235 | D:2      | Reached XP level 4. HP: 17/33 MP: 4/4
  2983 | D:3      | Noticed Terence
  3003 | D:3      | Killed Terence
  3004 | D:3      | Reached skill level 5 in Long Blades
  3239 | D:3      | Noticed Grinder
  3251 | D:3      | Killed Grinder
  3252 | D:3      | Gained mutation: You have a pair of antennae on your head.
                  | [demonic ancestry]
  3252 | D:3      | Reached XP level 5. HP: 20/38 MP: 5/5
  3252 | D:3      | Reached XP level 6. HP: 23/44 MP: 6/6
  3751 | D:3      | Noticed Robin
  3784 | D:3      | Killed Robin
  4259 | D:4      | Found Kohoing's Jewellery Boutique.
  4436 | D:4      | Found Xaumy's Jewellery Shop.
  4564 | D:4      | Found a stormy altar of Qazlal.
  4810 | D:4      | Found Wimuoph's Magic Scroll Shop.
  4868 | D:4      | Bought a scroll of fog for 40 gold pieces
  4868 | D:4      | Bought 3 scrolls of identify for 60 gold pieces
  5066 | D:4      | Found Boit's Distillery.
  5126 | D:4      | Gained mutation: You regenerate magic rapidly. [demonic
                  | ancestry]
  5126 | D:4      | Reached XP level 7. HP: 24/50 MP: 7/7
  5485 | D:4      | Noticed Sigmund
  5496 | D:4      | Killed Sigmund
  5638 | D:4      | Noticed Edmund
  5650 | D:4      | Killed Edmund
  5906 | D:4      | Found Ozemamoe's Antique Weapon Shoppe.
  6260 | D:5      | Entered Level 5 of the Dungeon
  6278 | D:5      | Gained mutation: You are mostly covered in razor-sharp
                  | scales. (AC +2, Slay +2) [demonic ancestry]
  6278 | D:5      | Reached XP level 8. HP: 34/56 MP: 8/8
  6591 | D:5      | Identified the +3 mace of Exquisite Death {antimagic,
                  | Dex+4}
  6869 | D:5      | HP: 2/56 [poisoned by a scorpion]
  7276 | D:5      | Reached skill level 10 in Long Blades
  7807 | D:5      | Found an ancient bone altar of Kikubaaqudgha.
  7808 | D:5      | Found a burning altar of Makhleb.
  8028 | D:6      | Noticed Maggie
  8048 | D:6      | Found a staircase to the Ecumenical Temple.
  8050 | D:6      | Noticed Blork the orc
  8055 | Temple   | Entered the Ecumenical Temple
  8460 | D:6      | Killed Blork the orc
  8461 | D:6      | Reached XP level 9. HP: 56/61 MP: 9/9
  8559 | D:6      | Found a sand-covered staircase.
  8603 | Ossuary  | Entered an ossuary
  9252 | D:6      | Killed Maggie
  9469 | D:6      | Found an iron altar of Okawaru.
 10436 | D:7      | Found a radiant altar of Vehumet.
 11618 | D:5      | Became a worshipper of Makhleb the Destroyer
 12516 | D:8      | Reached XP level 10. HP: 53/67 MP: 10/10
 12611 | D:8      | Reached * piety under Makhleb
 12874 | D:8      | Identified the +0 chain mail of True Grit {Will- Str+8
                  | Stlth-}
 13905 | D:9      | Reached skill level 5 in Dodging
 14008 | D:9      | Noticed Harold
 14024 | D:9      | Killed Harold
 14633 | D:9      | Reached XP level 11. HP: 55/72 MP: 9/11
 14895 | D:10     | Entered Level 10 of the Dungeon
 14997 | D:10     | Reached ** piety under Makhleb
 15084 | D:10     | Reached skill level 1 in Invocations
 15094 | D:10     | Found a staircase to the Lair.
 15102 | D:10     | Reached skill level 2 in Invocations
 15122 | D:10     | Reached skill level 3 in Invocations
 15201 | D:10     | Reached skill level 4 in Invocations
 15216 | D:10     | Reached skill level 5 in Invocations
 15486 | D:10     | Found a runed translucent door.
 15487 | D:10     | Found a shimmering altar of Xom.
 15487 | D:10     | Noticed croobank's ghost (novice DsFE)
 15488 | D:10     | Noticed a +0 flail of chaos
 15589 | D:10     | Found a hazy altar of Hepliaklqana.
 15658 | D:10     | Reached skill level 6 in Invocations
 15767 | D:10     | Reached skill level 7 in Invocations
 15872 | D:10     | Reached skill level 8 in Invocations
 15883 | D:10     | Noticed a two-headed ogre
 15892 | D:10     | Noticed a deep elf pyromancer
 16079 | D:10     | Found an ornate altar of the Wu Jian Council.
 16257 | D:10     | Reached skill level 9 in Invocations
 16537 | D:10     | Killed a deep elf pyromancer
 16538 | D:10     | Reached skill level 10 in Invocations
 16591 | D:10     | Killed a two-headed ogre
 16973 | D:4      | Bought a scroll of identify for 20 gold pieces
 16973 | D:4      | Bought a scroll of identify for 20 gold pieces
 16973 | D:4      | Bought a scroll of identify for 20 gold pieces
 17133 | D:11     | Reached skill level 11 in Invocations
 17268 | D:11     | Reached *** piety under Makhleb
 17310 | D:11     | Reached skill level 12 in Invocations
 17473 | D:11     | Noticed a two-headed ogre
 17486 | D:11     | Killed a two-headed ogre
 17487 | D:11     | Reached XP level 12. HP: 67/78 MP: 19/21
 17619 | D:11     | Found Bealel's Assorted Antiques.
 17631 | D:11     | Reached skill level 1 in Armour
 17631 | D:11     | Bought a faintly glowing long sword for 263 gold pieces
 17631 | D:11     | Identified the +11 long sword of Xuen {spect, Will- MP+9
                  | Int+4} (You bought it in a shop on level 11 of the Dungeon)
 17632 | D:11     | Bought a scroll labelled QYASIUQOX for 31 gold pieces
 17782 | D:11     | Found a staircase to the Orcish Mines.
 18175 | D:12     | Noticed Snorg
 18186 | D:12     | Killed Snorg
 18188 | D:12     | Noticed a boulder beetle
 18199 | D:12     | Killed a boulder beetle
 18395 | D:12     | Reached skill level 5 in Armour
 19072 | D:12     | Noticed a four-headed hydra
 19084 | D:12     | Killed a four-headed hydra
 19484 | D:13     | Noticed a centaur warrior
 19494 | D:13     | Killed a centaur warrior
 19917 | D:13     | Reached **** piety under Makhleb
 19945 | D:13     | Found the +5 scythe "Finisher" {speed, eviscerate}
 19972 | D:13     | Found a gate to the Vaults.
 19972 | D:13     | Noticed a vault guard
 19973 | Abyss:2  | Cast into level 2 of the Abyss (a wizard)
 19982 | Abyss:2  | Gained mutation: When hurt, damage is shared between your
                  | health and your magic reserves. [demonic ancestry]
 19982 | Abyss:2  | Reached XP level 13. HP: 79/83 MP: 22/22
 19987 | D:13     | Escaped the Abyss
 19994 | D:13     | Reached skill level 10 in Armour
 20576 | D:14     | Noticed Lodul
 20593 | D:14     | Killed Lodul
 21000 | D:14     | Reached skill level 5 in Fighting
 21750 | Lair:1   | Entered Level 1 of the Lair of Beasts
 22034 | Lair:1   | Identified the +1 robe "Mitiu" {Str+3}
 23261 | Lair:1   | Gained mutation: You are completely covered in razor-sharp
                  | scales. (AC +3, Slay +3) [demonic ancestry]
 23261 | Lair:1   | Reached XP level 14. HP: 92/109 MP: 23/23
 23373 | Lair:2   | Reached skill level 10 in Fighting
 23384 | Lair:2   | Reached skill level 1 in Evocations
 23396 | Lair:2   | Found a hole to the Spider Nest.
 23431 | Lair:2   | Reached ***** piety under Makhleb
 23719 | Lair:2   | Reached skill level 13 in Invocations
 23724 | Lair:2   | Found a staircase to the Shoals.
 24387 | Lair:3   | Reached skill level 14 in Invocations
 24417 | Lair:3   | Found a one-way gate to the infinite horrors of the Abyss.
 24417 | Lair:3   | Found a corrupted altar of Lugonu.
 24899 | Lair:3   | Identified the +12 sling of Attainder {freeze, Str+4 Int+4}
 24947 | Lair:3   | Reached skill level 15 in Invocations
 25895 | Lair:4   | Reached skill level 16 in Invocations
 26039 | Lair:4   | Found a staircase to the Slime Pits.
 26040 | Lair:4   | Found a viscous altar of Jiyva.
 26394 | Lair:4   | Found a runed translucent gate.
 26394 | Lair:4   | Found a runed translucent gate.
 26394 | Lair:4   | Found a runed translucent gate.
 26394 | Lair:4   | Noticed Murgh's ghost (journeyman MiBe)
 26769 | Lair:5   | Entered Level 5 of the Lair of Beasts
 26872 | Lair:5   | Identified the amulet "Uriqonlu" {Acrobat Fly MP-9 Int+3}
 27030 | Lair:5   | Reached skill level 17 in Invocations
 27871 | Lair:5   | Reached skill level 18 in Invocations
 28026 | Lair:5   | Gained mutation: When low on magic, you restore magic in
                  | place of health. [demonic ancestry]
 28026 | Lair:5   | Reached XP level 15. HP: 102/115 MP: 28/28
 28397 | Spider:1 | Entered Level 1 of the Spider Nest
 28397 | Spider:1 | Noticed nroviw's ghost (adept DsGl)
 28397 | Spider:1 | Found a runed translucent door.
 28397 | Spider:1 | Found a shimmering altar of Xom.
 28445 | Spider:1 | Reached skill level 19 in Invocations
 29832 | Spider:2 | Reached skill level 20 in Invocations
 30387 | Spider:2 | Identified the +12 long sword of Eternal War {protect,
                  | Int+2}
 30932 | Spider:3 | HP: 2/119 [wolf spider (11)]
 32405 | D:4      | Bought a potion of heal wounds for 55 gold pieces
 32405 | D:4      | Bought a potion of heal wounds for 55 gold pieces
 33209 | Shoals:1 | Entered Level 1 of the Shoals
 33787 | Shoals:1 | Noticed a frost giant
 34027 | Shoals:1 | Killed a frost giant
 34028 | Shoals:1 | Reached XP level 16. HP: 99/130 MP: 23/30
 34840 | Shoals:1 | Reached skill level 15 in Long Blades
 34966 | Shoals:1 | Got the Compilation of Stones and Companions
 35580 | Shoals:2 | Found Jabobeh's Assorted Antiques.
 35711 | Shoals:2 | Bought a potion of heal wounds for 150 gold pieces
 35754 | Shoals:2 | Found Wohojuat's One-of-a-Kind Rings.
 35946 | Shoals:2 | Noticed a kraken
 36133 | Shoals:2 | Noticed Ilsuiw
 36158 | Shoals:2 | HP: 3/130 [something (6)]
 36161 | Shoals:2 | HP: 1/130 [drowned by a water elemental[Ilsuiw] (5)]
 36161 | Shoals:2 | Mangled by a merfolk

Illustrated notes

Levels and vault maps discovered:
D:1:      scummos_arrival_star, layout_loops_cross
D:2:      cheibrodos_greedy_goblins, layout_basic,
          chequers_ecumenical_altar_island
D:3:      layout_loops_corners, mainiacjoe_overflow_tiny_flanked, uniq_terence,
          uniq_robin, uniq_grinder
D:4:      layout_rooms, nicolae_qazlal_scattered_showers, serial_shops,
          nicolae_shop_advertising_works [nicolae_subvault_shop_adworks],
          nicolae_stop_n_shop_2, nicolae_shop_hallway_stairs, shop,
          nicolae_shop_stone, sigmund_edmund_badplayer
D:5:      layout_cave_pods, minitemple, serial_column_ruins,
          column_ruins_hut_pillars, column_ruins_hut_ruined,
          column_ruins_open_small, column_ruins_grid_1, column_ruins_open_tiny,
          column_ruins_grid_1, column_ruins_open_tiny, column_ruins_corridor_T,
          column_ruins_open_small
D:6:      layout_loops_cross, okawaru_ov_weapons_minmay,
          minmay_temple_entry_sparse_star, nicolae_ossuary_entry_giza,
          uniq_sigmund, uniq_maggie, uniq_blork_the_orc
D:7:      layout_loops_ring, mainiacjoe_overflow_concentric_impassable,
          serial_bayou_ford_a
D:8:      layout_gridville, minmay_between
D:9:      layout_rooms, minivault_27, uniq_harold
D:10:     nzn_winding_woodlands_three_and_one [nzn_winding_woodlands_5x15_cabin,
          nzn_winding_woodlands_5x15_lazy_stream,
          nzn_winding_woodlands_5x15_sawtooth,
          nzn_winding_woodlands_center_garden], layout_rooms,
          kennysheep_mini_moat, nicolae_wu_jian_immortal_techniques,
          ebering_ghost_xom
D:11:     layout_roguey, erik_orc_3, serial_shops, nicolae_shop_hallway_stairs
D:12:     layout_cave_pods, uniq_snorg
D:13:     layout_big_octagon, grunt_vaults_entry_tiered
D:14:     layout_basic, chequers_jeans, uniq_lodul
Temple:   eino_temple_lava
Lair:1:   dpeg_oklob_gauntlet, layout_regular_city, serial_bayou_shore_b,
          infiniplex_staircase_pool_2
Lair:2:   layout_cave_pods, elwin_shoals_entry_stream, dummy_spider_entry,
          grunt_megastairs_2, lemuel_fruit_fields, lemuel_fruit_fields,
          lemuel_fruit_tree, serial_bayou_shore_a
Lair:3:   dreamdust_cave_troll, layout_loops_ring,
          amcnicky_altar_lugonu_corruption, serial_bayou_shore_b
Lair:4:   layout_gridlike, slime_entry_1, ebering_ghost_rock_garden
Lair:5:   grunt_lair_end_beastmaster, layout_loops_ring, worms_lemuel
Shoals:1: layout_shoals, st_shoals_ruin
Shoals:2: layout_shoals, nicolae_shop_unique_rings, nicolae_stop_n_shop_1,
          uniq_ilsuiw
Spider:1: layout_spider_delve, ebering_ghost_xom
Spider:2: layout_spider_delve
Spider:3: layout_spider_delve

Skill      XL: |  1  2  3  4  5  6  7  8  9 10 11 12 13 14 15 16 |
---------------+-------------------------------------------------+-----
Long Blades    | 3 4 6 7 9 11 13 14 15 | 15.6
Dodging        | 7 8 |  8.2
Invocations    | 12 18 20 | 20.0
Armour         | 9 11 | 11.1
Fighting       | 9 10 13 | 13.1
Evocations     | 2 |  2.1
Throwing       | |  1.7

Action                   |  1- 3 |  4- 6 |  7- 9 | 10-12 | 13-15 | 16-18 || total
-------------------------+-------+-------+-------+-------+-------+-------++-------
Melee: Long sword        |   150 |   116 |   535 |   624 |   783 |    95 ||  2303
       Punch             |     1 |     2 |     6 |     7 |    15 |     2 ||    33
       Short sword       |       |    42 |       |     7 |    36 |       ||    85
Throw: Boomerang         |       |       |     5 |       |       |       ||     5
Invok: Minor Destruction |       |       |       |    19 |    73 |     4 ||    96
       Lesser Servant of |       |       |       |     3 |     1 |       ||     4
       Major Destruction |       |       |       |       |    15 |     3 ||    18
       Greater Servant o |       |       |       |       |     7 |     2 ||     9
Evoke: Wand              |       |     2 |     5 |     4 |     1 |       ||    12
  Use: Scroll            |     3 |     9 |    16 |    12 |     9 |     1 ||    50
       Potion            |     1 |     4 |     3 |       |     5 |     6 ||    19
 Stab: Sleeping          |       |     1 |     9 |       |       |       ||    10
       Invisible         |       |       |       |     2 |       |       ||     2
       Distracted        |       |       |       |     3 |    22 |     1 ||    26
Armor: Leather armour    |    71 |    60 |   118 |       |       |       ||   249
       Steam dragon scal |       |       |    90 |    39 |       |       ||   129
       Scale mail        |       |       |       |   167 |   498 |    53 ||   718
Dodge: Dodged            |   168 |   119 |   316 |   317 |   571 |   108 ||  1599
